Map: Lost and Found LE

Players

PtitDrogo - Winner!

  • Race: Protoss Protoss
  • Spawn Location: 1:00

DeMusliM

  • Race: Terran Terran
  • League: Master
  • Spawn Location: 7:00

Event: HomeStory Cup XVII

VOD

Have the link to the VOD?

Description

Time

  • Played on: June 29, 2018, 7:18 a.m.
  • Length: 16:26

All games in this series

Show
View Real Time Build Order
Export as new Build Order

PtitDrogo Protoss - Winner!

Build Orders: 1 Gate Expand, Oracle Opening 

Get SALT Encoding   

  12  0:00  Probe  
  13  0:12  Probe  
  14  0:16  Pylon  
  14  0:24  Probe  
  15  0:32  Probe  
  15  0:37  Gateway  
  15  0:40  Probe  
  16  0:45  Assimilator  
  17  0:51  Probe  
  18  1:03  Probe  
  19  1:15  Probe  
  20  1:21  Nexus  
  20  1:33  Cybernetics Core  
  20  1:37  Probe  
  21  1:41  Assimilator  
  21  1:49  Probe  
  21  1:52  Pylon  
  22  2:00  Stalker  
  22  2:01  Probe  
  23  2:13  Probe  
  26  2:20  Stargate  
  26  2:25  Probe  
  27  2:33  Stalker  
  27  2:35  Probe  
  28  2:37  Probe  
  28  2:40  Warp Gate  
  28  2:43  Probe  
  30  2:45  Probe  
  32  2:52  Probe  
  32  2:55  Probe  
  34  2:58  Oracle  
  34  3:04  Probe  
  34  3:07  Probe  
  34  3:09  Zealot  
  40  3:16  Probe  
  40  3:19  Probe  
  42  3:22  Pylon  
  42  3:28  Probe  
  43  3:34  Probe  
  43  3:38  Probe  
  43  3:39  Gateway x2  
  45  3:44  Oracle, Assimilator  
  45  3:46  Assimilator  
  45  3:49  Probe x2  
  50  3:55  Pylon  
  50  4:01  Probe x2  
  52  4:07  Pylon  
  49  4:13  Oracle, Probe x2  
  54  4:27  Nexus  
  54  4:28  Probe  
  54  4:30  Probe  
  56  4:40  Probe  
  56  4:43  Oracle  
  57  4:46  Stalker x2  
  57  4:48  Probe  
  57  4:51  Stalker  
  67  4:53  Probe  
  68  5:00  Probe  
  68  5:01  Pylon  
  68  5:05  Probe  
  68  5:06  Pylon  
  70  5:16  Probe  
  70  5:18  Probe  
  70  5:19  Stalker x3  
  75  5:28  Oracle, Probe  
  71  5:30  Probe  
  71  5:31  Shield Battery  
  71  5:33  Shield Battery  
  73  5:40  Probe x2  
  73  5:42  Probe  
  79  5:50  Stalker x2  
  81  6:00  Stalker  
  79  6:10  Probe  
  78  6:15  Probe  
  78  6:16  Zealot x2  
  81  6:18  Oracle  
  71  6:38  Stalker x3  
  71  6:39  Robotics Facility  
  70  6:46  Oracle  
  70  6:47  Shield Battery x2  
  70  6:49  Pylon  
  70  6:53  Twilight Council  
  70  6:55  Forge  
  70  7:01  Stalker x2  
  77  7:06  Pylon  
  77  7:12  Blink  
  77  7:13  Probe  
  78  7:17  Probe  
  77  7:25  Nexus  
  77  7:26  Pylon  
  77  7:29  Stalker x3  
  83  7:32  Probe x2  
  85  7:44  Probe, Observer  
  86  7:51  Probe  
  86  7:52  Protoss Ground Weapons Level 1  
  86  7:57  Probe  
  88  8:03  Probe, Stalker x3  
  95  8:09  Probe  
  92  8:20  Probe  
  92  8:21  Immortal, Probe  
  92  8:24  Phoenix  
  98  8:28  Shield Battery, Pylon  
  98  8:31  Gateway  
  98  8:33  Gateway, Probe  
  101  8:40  Probe  
  102  8:42  Assimilator  
  102  8:46  Assimilator  
  102  8:47  Gateway  
  102  8:49  Sentry x3  
  108  8:59  Robotics Facility, Robotics Bay  
  108  9:17  Pylon  
  108  9:20  Charge  
  108  9:21  Nexus  
  108  9:24  Pylon  
  108  9:33  Probe x2, Pylon  
  108  9:36  Protoss Ground Weapons Level 2  
  108  9:37  Photon Cannon  
  110  9:38  Photon Cannon  
  110  9:39  Colossus  
  110  9:41  Probe  
  111  9:46  Colossus  
  123  9:55  Probe x3  
  126  10:07  Probe x2  
  126  10:08  Probe, Extended Thermal Lance  
  129  10:19  Probe  
  130  10:22  Colossus  
  130  10:24  Probe x2  
  132  10:30  Colossus  
  132  10:34  Gateway  
  144  10:46  Stalker x4  
  144  10:47  Zealot x2  
  154  11:00  Gateway  
  154  11:01  Probe  
  155  11:08  Zealot x2  
  155  11:11  Zealot x2  
  163  11:24  Assimilator  
  163  11:25  Assimilator  
  163  11:28  Templar Archives  
  163  11:37  Pylon  
  163  11:38  Pylon  
  163  11:40  Pylon  
  163  11:41  Pylon  
  163  11:43  Colossus, Pylon  
  163  11:44  Protoss Ground Armor Level 1  
  163  11:45  Pylon  
  161  11:52  Stalker  
  161  11:53  Colossus  
  163  11:58  Stalker x6  
  144  12:25  Stalker x8  
  152  12:34  Colossus  
  152  12:36  Colossus  
  109  12:48  Stalker x6  
  109  12:49  Stalker x2  
  124  13:03  Pylon  
  124  13:13  High Templar x2, Sentry  
  124  13:14  High Templar x2, Zealot x3  
  124  13:16  Pylon  
  124  13:17  Archon  
  124  13:18  Immortal, Gateway, Archon  
  124  13:19  Gateway  
  140  13:23  Nexus  
  140  13:26  Immortal, Protoss Ground Weapons Level 3  
  146  13:42  Zealot x3  
  146  13:43  Zealot  
  146  13:47  High Templar  
  146  13:48  High Templar  
  158  13:53  Archon  
  154  14:00  Immortal  
  158  14:05  Immortal  
  158  14:06  High Templar x2  
  158  14:07  Zealot x2  
  170  14:11  Archon  
  170  14:20  High Templar  
  170  14:21  High Templar, Zealot x4  
  170  14:24  Probe x4  
  184  14:29  Archon  
  184  14:30  Stalker x2  
  186  14:47  Stalker x6  
  168  15:01  Stalker x4  
  152  15:12  Stalker x4  
  150  15:17  Probe  
  150  15:20  Assimilator  
  150  15:21  Assimilator  
  151  15:22  Stalker x2  
  151  15:23  Stalker  
  153  15:28  High Templar x2  
  153  15:29  Zealot  
  153  15:34  Archon  
  121  15:55  Stalker  
  121  15:56  Stalker x6  
  117  16:13  Stalker x3  
  115  16:25  Stalker x2  
  115  16:26  Stalker x5  
Show
View Real Time Build Order
Export as new Build Order

DeMusliM Terran 

Build Orders: Reaper Expand, Banshee Rush 

Get SALT Encoding   

  12  0:00  SCV  
  13  0:12  SCV  
  14  0:17  Supply Depot  
  14  0:25  SCV  
  15  0:38  SCV  
  15  0:39  Barracks  
  16  0:43  Refinery  
  16  0:50  SCV  
  17  1:02  SCV  
  18  1:14  SCV  
  19  1:26  Reaper  
  19  1:27  Orbital Command  
  20  1:40  Command Center  
  20  1:47  Supply Depot  
  20  1:52  SCV  
  21  1:58  Marine  
  22  2:04  SCV  
  22  2:07  Factory  
  23  2:13  Refinery  
  23  2:17  SCV  
  23  2:21  Barracks Reactor  
  24  2:29  SCV  
  25  2:41  SCV  
  26  2:52  Starport  
  26  2:53  Orbital Command, SCV  
  26  2:55  Widow Mine  
  29  3:00  Marine x2  
  29  3:05  SCV  
  32  3:17  SCV, Marine, Factory Tech Lab  
  32  3:18  Marine  
  32  3:19  SCV  
  36  3:29  SCV  
  36  3:30  Supply Depot  
  36  3:35  Marine x2  
  36  3:37  SCV  
  39  3:41  SCV  
  39  3:42  Supply Depot  
  39  3:44  Factory Tech Lab  
  39  3:46  Banshee  
  39  3:47  Cloaking Field  
  43  3:49  SCV  
  43  3:53  Marine x2, SCV  
  47  4:01  SCV  
  48  4:05  Supply Depot, Siege Tank  
  48  4:06  SCV  
  52  4:12  Marine x2  
  52  4:13  SCV  
  52  4:15  Supply Depot  
  55  4:18  SCV  
  56  4:25  SCV  
  56  4:29  Banshee  
  56  4:30  Supply Depot, SCV  
  61  4:34  Marine x2  
  61  4:37  SCV  
  64  4:42  SCV  
  64  4:44  Siege Tank  
  68  4:49  SCV  
  68  4:51  Command Center, Marine  
  68  4:52  Marine  
  71  4:54  SCV  
  72  5:01  Refinery, SCV, Barracks  
  72  5:05  Barracks  
  72  5:06  SCV  
  74  5:16  Banshee  
  74  5:18  Marine x2  
  79  5:21  SCV x2  
  79  5:28  Siege Tank  
  81  5:33  SCV  
  81  5:34  Refinery  
  82  5:36  Marine x2  
  82  5:37  Engineering Bay  
  82  5:38  Engineering Bay  
  84  5:52  Barracks Tech Lab  
  84  5:54  Marine x2  
  84  5:58  SCV  
  78  6:05  Marine  
  78  6:06  SCV  
  78  6:07  Orbital Command  
  70  6:12  Marauder  
  70  6:14  SCV  
  61  6:32  SCV  
  43  6:33  SCV  
  43  6:36  Marine x2  
  41  6:41  SCV  
  41  6:44  Combat Shields, Marine x2, SCV  
  41  6:45  Supply Depot  
  41  6:46  Starport Reactor  
  45  6:48  Missile Turret  
  45  6:49  Missile Turret, SCV  
  45  6:53  SCV  
  47  6:56  SCV  
  47  6:58  Marine x2  
  47  7:00  Terran Infantry Armor Level 1, Terran Infantry Weapons Level 1  
  50  7:02  SCV  
  50  7:05  SCV  
  53  7:08  SCV  
  53  7:11  Marauder  
  53  7:12  Marauder  
  53  7:14  SCV  
  58  7:16  Marine  
  58  7:19  SCV  
  58  7:21  Marine  
  58  7:22  SCV  
  61  7:25  Siege Tank  
  61  7:26  SCV  
  62  7:31  SCV  
  62  7:32  Marine x2  
  62  7:33  Supply Depot  
  62  7:34  Marine, SCV  
  67  7:38  SCV  
  67  7:43  SCV  
  69  7:46  SCV  
  69  7:49  Marine  
  69  7:50  SCV  
  69  7:51  Marauder x2  
  75  7:52  Marine  
  75  7:58  Barracks  
  75  7:59  Barracks  
  75  8:00  SCV  
  77  8:06  Viking x2, Orbital Command  
  77  8:07  Marine, SCV  
  77  8:09  Marine  
  83  8:19  SCV  
  81  8:23  Barracks Tech Lab  
  81  8:24  Barracks Tech Lab  
  81  8:25  Siege Tank  
  81  8:26  SCV  
  85  8:31  SCV  
  86  8:35  Marine x2  
  86  8:36  Armory  
  86  8:38  SCV x2  
  94  8:42  Medivac x2  
  94  8:43  SCV  
  94  8:46  Stimpack, Marine, Concussive Shells  
  94  8:47  Marine  
  97  8:49  Supply Depot  
  97  8:52  Orbital Command  
  97  8:54  Marine  
  97  8:55  Marine x3  
  101  9:00  Siege Tank  
  101  9:01  SCV  
  105  9:04  Marine  
  105  9:05  Marine  
  107  9:12  Medivac x2, Missile Turret  
  107  9:15  Missile Turret  
  107  9:16  SCV  
  112  9:19  Missile Turret  
  112  9:22  SCV x2  
  114  9:24  Marine x3  
  114  9:30  Terran Infantry Weapons Level 2  
  117  9:32  Marine x2  
  117  9:36  Marine  
  117  9:37  Refinery  
  120  9:42  Marine  
  120  9:44  Marine, Terran Infantry Armor Level 2  
  120  9:45  Marine  
  123  9:49  Supply Depot x2  
  123  9:52  Marine  
  123  9:54  Medivac  
  123  9:57  Marauder  
  123  9:59  Marine  
  129  10:00  Marine  
  129  10:02  Marine x2  
  129  10:04  Supply Depot  
  132  10:07  Barracks  
  132  10:10  Marine  
  132  10:11  Medivac  
  135  10:17  Marine  
  136  10:22  Barracks  
  136  10:23  Marine  
  136  10:24  Medivac, Marauder, Marine x2  
  143  10:28  Thor  
  143  10:32  Marine  
  143  10:35  Marauder  
  152  10:41  Marine  
  153  10:43  Marine  
  153  10:44  Marine  
  153  10:45  Marauder  
  157  11:01  Marine x3, Marauder  
  157  11:02  Supply Depot x2  
  157  11:03  Medivac  
  164  11:04  Supply Depot  
  164  11:14  Marauder  
  165  11:23  Marine x5  
  165  11:24  Marauder  
  172  11:32  Marine  
  173  11:36  Marauder  
  174  11:41  Marine x2  
  174  11:45  Marauder  
  172  11:49  Medivac x2  
  172  11:50  Barracks Tech Lab, Marine x2  
  172  11:51  Terran Infantry Weapons Level 3  
  178  11:57  Marauder  
  180  12:02  Barracks Tech Lab  
  180  12:03  Terran Infantry Armor Level 3  
  180  12:07  Command Center, Marauder  
  154  12:16  Marine x3, Marauder  
  154  12:18  Marauder, Marine  
  128  12:24  Marauder  
  128  12:28  Marauder  
  122  12:34  Marine x3  
  122  12:36  Marine  
  114  12:38  Marauder  
  114  12:40  Marauder  
  113  12:45  Marauder  
  113  12:50  Marauder  
  115  12:51  Marine  
  115  12:52  Marine  
  106  12:59  Marauder  
  106  13:00  Barracks Tech Lab  
  106  13:01  Barracks Tech Lab, Marauder  
  106  13:07  Marauder  
  106  13:11  Marauder  
  110  13:13  Marine x2  
  110  13:18  Viking x2  
  116  13:21  Marauder  
  116  13:23  Marauder  
  116  13:26  Marauder x2  
  124  13:28  Marauder  
  124  13:31  Marine x2  
  124  13:32  Marauder  
  130  13:42  Marauder  
  130  13:44  Marauder  
  130  13:45  Supply Depot  
  130  13:46  Supply Depot, Marine  
  130  13:47  Marine  
  136  13:48  Marine  
  136  13:50  Marauder  
  136  13:52  Marine  
  136  13:54  Marauder  
  136  13:55  Planetary Fortress  
  140  13:56  Missile Turret  
  144  14:03  Viking x2, Marauder  
  144  14:05  Marine, Marauder x2  
  144  14:06  Marine  
  152  14:10  Marine  
  152  14:11  Marauder  
  152  14:15  Marauder  
  157  14:23  Marauder  
  159  14:24  Marine  
  159  14:25  Marauder  
  159  14:26  Marine, Marauder  
  159  14:28  Marine  
  166  14:32  Marauder  
  166  14:36  Marine  
  169  14:42  Marine  
  169  14:44  Marine, Marauder  
  171  14:45  Marine  
  171  14:46  Marine  
  171  14:48  Marauder  
  174  14:54  Marine, Marauder  
  174  14:56  Orbital Command  
  156  15:00  Marine  
  156  15:02  Marauder  
  156  15:04  Marine, Marauder  
  156  15:05  Marauder  
  133  15:09  Marine  
  133  15:12  Marine  
  108  15:15  Marauder  
  108  15:17  Marine  
  111  15:22  Marine  
  111  15:24  Viking, Marauder  
  111  15:25  Marine  
  111  15:26  Marine  
  111  15:27  Marauder  
  120  15:29  Marine  
  120  15:35  Marine  
  121  15:36  Marauder  
  121  15:39  Marine  
  90  15:43  Marauder  
  90  15:44  Marine  
  90  15:45  Marauder  
  90  15:48  Marine, Marauder  
  79  15:53  Marine  
  69  15:57  Marine  
  69  15:58  Marauder  
  69  16:02  Marine  
  67  16:04  Marauder  
  67  16:05  Marine  
Tags
 
Add a new tag
Caveats
  • Supply blocks, unpowered buildings, or Contaminate may cause inaccurate times.
  • Supply counts are checked every 10 seconds.